 Dungeon Crawl Stone Soup version 0.30-a0-465-g8901f6c8b5 (webtiles) character file.

Game seed: 4978924265860443530

19784 MackTheKnife the Thaumaturge (level 12, -4/141 HPs)
             Began as a Demonspawn Chaos Knight on Dec 17, 2022.
             Was a Plaything of Xom.
             Slain by an eight-headed hydra (10 damage)
             ... on level 2 of the Lair of Beasts.
             The game lasted 00:32:44 (15490 turns).

MackTheKnife the Thaumaturge (DsCK)                Turns: 15490, Time: 00:32:45

Health: -4/141     AC: 15    Str: 13    XL:     12   Next: 39%
Magic:  22/26      EV: 13    Int: 17    God:    Xom [...*..]
Gold:   578        SH:  0    Dex:  7    Spells: 16/31 levels left

rFire   + . .      SeeInvis .    a - +8 mace of Vac Soi {spect, *Corrode rC+++ Dex-5 Stlth+, mace}
rCold   + + +      Faith    .    (no shield)
rNeg    . . .      Spirit   .    e - +2 steam dragon scales
rPois   .          Reflect  .    (helmet restricted)
rElec   .          Harm     .    V - scarf {rC+ rF+}
rCorr   .          Rampage  .    w - +0 pair of gloves
Will    ++...                    (boots unavailable)
Stlth   ..........               j - amulet of the acrobat
HPRegen 0.43/turn                R - ring of willpower
MPRegen 0.20/turn                d - +4 ring of protection

@: berserking, animating dead, very quick
A: hooves 3, icy blue scales 2, demonic magic 2, antennae 1, clumsy 1,
strong-willed 1
a: Renounce Religion


You were on level 2 of the Lair of Beasts.
You worshipped Xom.
You were a favourite toy of Xom.
You visited 2 branches of the dungeon, and saw 13 of its levels.
You also visited: Sewer.

You collected 578 gold pieces.


Innate Abilities, Weirdness & Mutations

You have hooves in place of feet.
You are mostly covered in icy blue scales. (AC +3)
Spells you cast may paralyse nearby enemies.
You have a pair of small antennae on your head.
You are clumsy. (Dex -2)
You are strong-willed. (Will+)


   Skills:
 - Level 8.9 Fighting
 - Level 1.7 Armour
 - Level 7.4 Dodging
 - Level 3.1 Unarmed Combat
 - Level 10.4 Spellcasting
 - Level 8.9 Necromancy
 + Level 0.0 Transmutations
 - Level 9.4 Earth Magic


You had 16 spell levels left.
You knew the following spells:

 Your Spells              Type           Power      Damage    Failure   Level
a - Lee's Rapid Deconstr  Erth           20%        3d12*     4%          5
b - Animate Dead          Necr           39%        N/A       1%          4
c - Statue Form           Tmut/Erth      16%        N/A       88%         6

Your spell library contained the following spells:

 Spells                   Type           Power      Damage    Failure   Level
 Vampiric Draining        Necr           39%        2d8       1%          3
 Slow                     Hex            32%        N/A       9%          1
 Blink                    Tloc           16%        N/A       12%         2
 Ensorcelled Hibernation  Hex/Ice        16%        N/A       12%         2
 Momentum Strike          Conj/Tloc      16%        3d8       12%         2
 Petrify                  Tmut/Erth      24%        N/A       12%         4
 Anguish                  Hex/Necr       12%        N/A       13%         4
 Confusing Touch          Hex            8%         N/A       24%         3
 Kindle Blastsparks       Fire/Tloc/Air  16%        2d11      24%         3
 Lesser Beckoning         Tloc           16%        N/A       24%         3
 Spider Form              Tmut/Pois      8%         N/A       24%         3
 Fulminant Prism          Conj/Hex       4%         3d5       63%         4
 Iskenderun's Mystic Bla  Conj/Tloc      8%         2d4       63%         4
 Metabolic Englaciation   Hex/Ice        4%         N/A       92%         5
 Haunt                    Necr/Summ      12%        N/A       100%        7
 Infestation              Necr           19%        N/A       100%        8

Inventory:

Hand Weapons
 a - the +8 mace of Vac Soi (weapon) {spect, *Corrode rC+++ Dex-5 Stlth+, mace}
   (You found it on level 5 of the Dungeon)

   When its wielder attacks, the weapon's spirit leaps out and strikes again.
   The spirit shares a part of any damage it takes with its wielder.
   Dex:       It affects your dexterity (-5).
   rC:        It renders you almost immune to cold.
   *Corrode:  It may corrode you when you take damage.
   Stlth:     It makes you more stealthy.
 i - the +7 mace of Lezing {freeze, rC+++ rN+ Dex-3, mace}
   (You found it on level 1 of the Lair of Beasts)

   It freezes those it strikes, dealing additional cold damage.
   It can also slow down cold-blooded creatures.
   Dex:       It affects your dexterity (-3).
   rC:        It renders you almost immune to cold.
   rN:        It protects you from negative energy.
Armour
 e - +2 steam dragon scales (worn)
   (You took it off Maggie on level 8 of the Dungeon)
 h - a +0 scale mail
   (You took it off an orc on level 11 of the Dungeon)
 w - a +0 pair of gloves (worn)
   (You found it on level 7 of the Dungeon)
 V - a scarf of resistance (worn)
   (You found it on level 6 of the Dungeon)
Magical Staves
 b - a staff of earth {!astaff}
   (You found it on level 1 of the Dungeon)
Jewellery
 c - a ring of protection from cold
   (You found it on level 6 of the Dungeon)
 d - a +4 ring of protection (right hand)
   (You found it on level 9 of the Dungeon)
 f - a ring of protection from fire
   (You found it on level 8 of the Dungeon)
 j - an amulet of the acrobat (around neck)
   (You found it on level 7 of the Dungeon)
 R - a ring of willpower (left hand)
   (You took it off a kobold brigand on level 5 of the Dungeon)
Wands
 m - a wand of paralysis (3)
   (You found it on level 8 of the Dungeon)
 E - a wand of flame (6)
   (You found it on level 9 of the Dungeon)
 J - a wand of iceblast (22)
   (You found it on level 5 of the Dungeon)
Scrolls
 r - 2 scrolls of brand weapon
 s - a scroll of enchant weapon
Potions
 g - 4 potions of heal wounds {@q2}
 k - 3 potions of flight
 l - 6 potions of attraction {!q}
 n - 5 potions of might
 p - 2 potions of mutation {!q}
 u - 3 potions of ambrosia
 v - a potion of magic
 y - a potion of lignification {!q}
 z - a potion of haste {unknown}
 F - 7 potions of curing {@q1}
 N - 2 potions of brilliance {unknown}
Miscellaneous
 o - a piece from Xom's chessboard (15/15) (quivered)
 q - a box of beasts (inert)
   (You found it on level 10 of the Dungeon)
 O - a condenser vane (inert)
   (You found it on level 5 of the Dungeon)

Dungeon Overview and Level Annotations

Branches:
Dungeon (11/15) Zot: 25872  Temple (0/1) D:4            Lair (2/5) D:11 Zot: 10958
  Sewer (visited)
  Swamp: Lair:2-3    Shoals: Lair:2-3     Snake: Lair:2-3    Spider: Lair:2-3
    Orc: D:9-12

Altars:
Ashenzari
Cheibriados
Fedhas
Gozag
Hepliaklqana
Kikubaaqudgha
Makhleb
Nemelex Xobeh
Okawaru
Trog
Uskayaw
Wu Jian
Xom
Lugonu

Portals:
Abyss: D:8

Annotations:
D:5 2 runed translucent doors

.....####.....#
#....## .....#
##...$# .....#
#....## ....#
##.... ....#
#####....#######.
.................
......hhF........
.......@D<...^...
....$...ยง......?.
.................
###..#...P####.#.
###....## # ##....
##... #..>. ##...


You could see an eight-headed hydra, 2 wolves and a bullfrog.


Message History

There is a stone staircase leading up here.
Found an escape hatch in the floor. "Serve the toy, my child!"
Unknown command.
Unknown command.
You open the lid... ...and a larval batshock beast flies out!
The box is emptied!
Aiming: Throw Flame
Press: ? - help, Shift-Dir - straight line, f - eight-headed hydra
Aim: an eight-headed hydra (ally target, 89% to hit)
The puff of flame hits the eight-headed hydra.
Your larval batshock beast bursts into living lightning!
The living lightning hits the eight-headed hydra.
Your larval batshock beast blinks!
Your larval batshock beast bursts into living lightning!
The living lightning hits the eight-headed hydra!
The living lightning hits your quasit!!
Your quasit dies!
Your quasit disappears in a puff of smoke!
Your larval batshock beast blinks!
The bullfrog gives a loud, deep croak!
Unknown command.
You hit the eight-headed hydra.
Your kick misses the eight-headed hydra.
Your +8 mace of Vac Soi {spect, *Corrode rC+++ Dex-5 Stlth+, mace} hits the eight-headed hydra!
You hear a trumpeting!
Your larval batshock beast is engulfed in calcifying dust.
Your larval batshock beast is moving more slowly.
The eight-headed hydra bites you! The eight-headed hydra bites you.
The eight-headed hydra bites you but does no damage.
The eight-headed hydra closely misses you.
The eight-headed hydra bites you but does no damage.
The eight-headed hydra bites you. x3 ๐Ÿ˜ฎ HP[-26]
You take 26 damage, and now have 68/94 hp.
MASSIVE DAMAGE!! (PAUSE)
You hit the eight-headed hydra.
Your +8 mace of Vac Soi {spect, *Corrode rC+++ Dex-5 Stlth+, mace} hits the eight-headed hydra!
Your larval batshock beast hits the eight-headed hydra. ๐Ÿ˜ฎ HP[+1] Unknown command.
Casting: Animate Dead (mildly dangerous; 1% risk of failure)
Confirm with . or Enter, or press ? or * to list all spells.
You call upon the dead to rise.
Malevolent energies surge around you.
The wolf suddenly stops moving!
Your larval batshock beast barely misses the eight-headed hydra.
The eight-headed hydra bites your larval batshock beast! x2
The eight-headed hydra bites your larval batshock beast but does no damage. x2
The eight-headed hydra bites your larval batshock beast!
Your larval batshock beast dies!
Your larval batshock beast's corpse disappears in a puff of smoke!
The eight-headed hydra closely misses you.
The eight-headed hydra bites you but does no damage.
The eight-headed hydra barely misses you. ๐Ÿ˜ฎ MP[-4]
You lost 4 mp, and now have 22/26 mp.
Unknown command.
You hit the eight-headed hydra.
Your kick misses the eight-headed hydra.
Your +8 mace of Vac Soi {spect, *Corrode rC+++ Dex-5 Stlth+, mace} completely misses the eight-headed hydra.
The wolf is no longer paralysed.
The bullfrog barely misses your +8 mace of Vac Soi {spect, *Corrode rC+++ Dex-5 Stlth+, mace}.
The eight-headed hydra bites you! x2
* * * LOW HITPOINT WARNING * * *
The eight-headed hydra bites you.
* * * LOW HITPOINT WARNING * * *
The eight-headed hydra bites you but does no damage.
The eight-headed hydra completely misses you.
The eight-headed hydra bites you.
* * * LOW HITPOINT WARNING * * *
The eight-headed hydra bites you but does no damage.
The eight-headed hydra bites you!
* * * LOW HITPOINT WARNING * * *
The wolf bites your +8 mace of Vac Soi {spect, *Corrode rC+++ Dex-5 Stlth+, mace} but does no damage.
The wolf closely misses you.
The bullfrog misses your +8 mace of Vac Soi {spect, *Corrode rC+++ Dex-5 Stlth+, mace}.
The eight-headed hydra bites you!
* * * LOW HITPOINT WARNING * * *
The eight-headed hydra bites you but does no damage. x2
The eight-headed hydra bites you!
* * * LOW HITPOINT WARNING * * *
The eight-headed hydra misses you. x2
The eight-headed hydra bites you but does no damage. x2
The wolf closely misses you.
Unknown command. ๐Ÿ˜ฑ HP[-65]
You take 65 damage, and now have 4/94 hp.
MASSIVE DAMAGE!! (PAUSE) Unknown command.
Okay, then.
Really quaff
P - a potion of berserk rage {!q}?
A red film seems to cover your vision as you go berserk!
You feel yourself moving faster!
You feel mighty!
The wolf bites you but does no damage. x2; The bullfrog barely misses you.
The eight-headed hydra closely misses you.
The eight-headed hydra bites you but does no damage.
The eight-headed hydra bites you!
You die...
Xom chortles!

Skill      XL: |  1  2  3  4  5  6  7  8  9 10 11 12 |
---------------+-------------------------------------+-----
Unarmed Combat | 3 |  3.1
Spellcasting   | 1 2 3 4 5 7 9 10 | 10.4
Earth Magic    | 1 2 3 4 5 7 9 |  9.4
Necromancy     | 8 |  8.9
Dodging        | 6 7 |  7.4
Fighting       | 7 8 |  8.9
Armour         | |  1.7

Action                   |  1- 3 |  4- 6 |  7- 9 | 10-12 || total
-------------------------+-------+-------+-------+-------++-------
Melee: Unarmed           |   152 |   427 |   124 |       ||   703
       Punch             |     1 |     9 |     9 |     8 ||    27
       Kick              |       |    63 |    75 |    61 ||   199
       Falchion          |       |       |    55 |       ||    55
       Mace              |       |       |    95 |   203 ||   298
       Staff             |       |       |       |     9 ||     9
 Cast: Lee's Rapid Decon |       |       |     5 |    48 ||    53
       Animate Dead      |       |       |       |     4 ||     4
Evoke: Piece from Xom's  |     2 |    18 |     8 |     1 ||    29
       Wand              |       |       |     3 |     9 ||    12
       Condenser vane    |       |       |     1 |     1 ||     2
       Box of beasts     |       |       |       |     2 ||     2
  Use: Scroll            |     1 |     6 |     9 |    17 ||    33
       Potion            |       |     7 |     3 |     5 ||    15
 Stab: Petrified         |     2 |       |       |       ||     2
       Sleeping          |     1 |     1 |     3 |     1 ||     6
       Paralysed         |       |     6 |       |    12 ||    18
       Confused          |       |     2 |       |       ||     2
       Distracted        |       |       |     2 |       ||     2
       Invisible         |       |       |     1 |       ||     1
Armor: Leather armour    |    57 |   208 |   117 |     8 ||   390
       Steam dragon scal |       |       |       |   193 ||   193
Dodge: Dodged            |    83 |   302 |   139 |   326 ||   850

Levels and vault maps discovered:
D:1:      dpeg_arrival_subterranean_lakeside_camping, layout_basic,
          minmay_misc_feat_nine_boxes
D:2:      layout_basic, serial_co_window_serial, co_window_cross_1,
          co_window_corner_a, co_window_cross_1, co_window_paths_a,
          co_window_paths_b, co_window_corner_a, co_window_corner_a,
          co_window_unsneaky_path_d, co_window_corner_b, co_window_paths_c,
          co_window_corner_cb, glass_columns_b, glass_columns_b,
          glass_columns_b, glass_columns_c, glass_columns_a
D:3:      layout_loops_ring, nicolae_hepliaklqana_hazy_memory,
          lightli_sewer_entry_pipes, hex_medium, st_stairs_10
D:4:      layout_gridville, okawaru_trees_1, minmay_temple_entry_mini_moons,
          nicolae_titane
D:5:      layout_gridville, mainiacjoe_overflow_24_doors, corexii_shack,
          minmay_hollow_rounded_squares, uniq_edmund
D:6:      layout_basic, grunt_temple_overflow_champion_of_chaos, uniq_pikel
D:7:      layout_gridville, ashenzari_conservatory_becter, enter_bailey_2,
          chequers_garden, st_stairs_3, minivault_14
D:8:      layout_loops_ring, chequers_temple_overflow_statue_of_worship,
          bloody_trog, amcnicky_altar_lugonu_corruption, uniq_maggie
D:9:      layout_loops_ring, lemuel_doored_altar
D:10:     layout_layer_cave, kennysheep_little_box, overflow_temple_1_default
D:11:     layout_roguey, lair_entry_dummy
Lair:1:   layout_hall_layers, basic_altar, infiniplex_staircase_pool
Lair:2:   layout_hall_layers

Notes
Turn   | Place    | Note
-------+----------+-------------------------------------------
     0 | D:1      | MackTheKnife the Demonspawn Chaos Knight began the quest
                  | for the Orb.
     0 | D:1      | Reached XP level 1. HP: 18/18 MP: 1/1
     0 | D:1      | magus.rc [v1.9.6]
     3 | D:1      | You pick up a book of Blasting and begin reading...
     3 | D:1      | You add the spells Kindle Blastsparks, Fulminant Prism,
                  | Iskenderun's Mystic Blast and Lee's Rapid Deconstruction to
                  | your library.
   124 | D:1      | XOM: divination: detect items
   171 | D:1      | You pick up a book of Blasting and begin reading...
   378 | D:1      | Reached skill level 3 in Unarmed Combat
   392 | D:1      | Gained mutation: Spells you cast may paralyse adjacent
                  | enemies. [demonic ancestry]
   392 | D:1      | Reached XP level 2. HP: 15/24 MP: 2/2
   647 | D:1      | XOM: 3-stop teleportation journey
   705 | D:1      | XOM: cast spell 'Summon Dragon'
   864 | D:1      | XOM: polymorph bat -> rat
   901 | D:1      | Reached XP level 3. HP: 26/29 MP: 2/4
  1139 | D:1      | XOM: silly message
  1195 | D:2      | XOM: noise
  1217 | D:2      | Reached skill level 1 in Spellcasting
  1217 | D:2      | Reached skill level 1 in Earth Magic
  1247 | D:2      | XOM: cloud trail
  1277 | D:2      | XOM: 1-stop teleportation journey
  1282 | D:2      | XOM: smoke on damage
  1435 | D:2      | Gained mutation: You are partially covered in icy blue
                  | scales. (AC +2) [demonic ancestry]
  1435 | D:2      | Reached XP level 4. HP: 19/35 MP: 6/6
  1721 | D:2      | You fall into a shaft and drop 2 floors!
  1773 | D:4      | XOM: noise
  1815 | D:4      | Reached skill level 2 in Spellcasting
  1815 | D:4      | Reached skill level 2 in Earth Magic
  1834 | D:4      | Gained mutation: You are resistant to electric shocks.
                  | (rElec) [potion of mutation]
  1834 | D:4      | Gained mutation: You are frail. (-10% HP) [potion of
                  | mutation]
  1834 | D:4      | Lost mutation: You are frail. (-10% HP) [potion of
                  | mutation]
  1846 | D:4      | HP: 7/35 [something (2)]
  1848 | D:4      | HP: 3/35 [something (1)]
  1859 | D:4      | HP: 4/35 [something (2)]
  1875 | D:4      | XOM: noise
  1991 | D:4      | Found a staircase to the Ecumenical Temple.
  2029 | D:4      | Reached XP level 5. HP: 38/41 MP: 8/8
  2035 | D:4      | Learned a level 5 spell: Lee's Rapid Deconstruction
  2070 | D:3      | Found a hazy altar of Hepliaklqana.
  2071 | D:3      | XOM: 2-stop teleportation journey
  2129 | D:3      | XOM: 2-stop teleportation journey
  2134 | D:3      | You pick up a book of Spatial Translocations and begin
                  | reading...
  2134 | D:3      | You add the spells Blink, Momentum Strike and Lesser
                  | Beckoning to your library.
  2364 | D:3      | You pick up a book of Death and begin reading...
  2364 | D:3      | You add the spells Animate Dead, Haunt and Infestation to
                  | your library.
  2380 | D:3      | XOM: stat loss: -1 Dex (10/13)
  2583 | D:3      | Reached skill level 3 in Earth Magic
  2605 | D:3      | Found a glowing drain.
  2614 | Sewer    | Entered a sewer
  2665 | Sewer    | Reached skill level 3 in Spellcasting
  2710 | Sewer    | XOM: scenery: create altars
  2711 | Sewer    | XOM: silly message
  2796 | Sewer    | XOM: swap monsters
  2818 | Sewer    | Gained mutation: You have large cloven feet. [demonic
                  | ancestry]
  2818 | Sewer    | Reached XP level 6. HP: 42/47 MP: 9/11
  2831 | Sewer    | XOM: 3-stop teleportation journey
  2844 | Sewer    | XOM: enchant monster (bad)
  2953 | Sewer    | XOM: enchant monster (bad)
  2996 | Sewer    | XOM: summons 4 hostile shadow creatures
  3292 | Sewer    | Reached skill level 4 in Spellcasting
  3292 | Sewer    | Reached skill level 4 in Earth Magic
  3365 | Sewer    | XOM: noise
  3540 | D:3      | XOM: polymorph goblin -> iguana
  3544 | D:3      | XOM: polymorph iguana -> centaur
  3553 | D:3      | Gained mutation: You are mostly covered in icy blue scales.
                  | (AC +3) [demonic ancestry]
  3553 | D:3      | Reached XP level 7. HP: 30/52 MP: 13/13
  3977 | D:2      | XOM: cast spell 'Monstrous Menagerie'
  4029 | D:2      | XOM: noise
  4973 | D:4      | XOM: cast spell 'Cause Fear'
  5049 | D:4      | Reached skill level 5 in Spellcasting
  5049 | D:4      | Reached skill level 5 in Earth Magic
  5099 | D:4      | XOM: god gift: +4 falchion of chaos
  5141 | D:4      | Found an iron altar of Okawaru.
  5496 | D:5      | Entered Level 5 of the Dungeon
  5563 | D:5      | HP: 13/52 [centaur/arrow (13)]
  5633 | D:4      | XOM: silly message
  5710 | D:5      | XOM: summons 2 friendly demons
  5895 | D:5      | XOM: divination: magic mapping
  5903 | D:5      | HP: 12/52 [iguana (5)]
  5935 | D:5      | XOM: 1-stop teleportation journey
  5944 | D:5      | Reached XP level 8. HP: 32/58 MP: 16/16
  6049 | D:5      | Noticed Edmund
  6050 | D:5      | XOM: swap monsters
  6052 | D:5      | XOM: cast spell 'Summon Cactus Giant'
  6057 | D:5      | Killed Edmund
  6060 | D:5      | Reached skill level 6 in Spellcasting
  6060 | D:5      | Reached skill level 6 in Earth Magic
  6091 | D:5      | XOM: give mutation
  6091 | D:5      | Gained mutation: You are weak. (Str -2) [Xom's mischief]
  6098 | D:5      | Identified the +8 mace of Vac Soi {spect, *Corrode rC+++
                  | Dex-5 Stlth+}
  6261 | D:5      | Found a snail-covered altar of Cheibriados.
  6329 | D:5      | Found a large runed translucent door.
  6329 | D:5      | Found a large runed translucent door.
  6331 | D:5      | Found a large runed translucent door.
  6331 | D:5      | Found a large runed translucent door.
  6333 | D:5      | Noticed a two-headed ogre
  6343 | D:5      | Killed a two-headed ogre
  6344 | D:5      | Reached skill level 7 in Spellcasting
  6344 | D:5      | Reached skill level 7 in Earth Magic
  6353 | D:5      | You pick up a book of Sloth and begin reading...
  6353 | D:5      | You add the spells Petrify, Metabolic Englaciation and
                  | Statue Form to your library.
  6466 | D:5      | Gained mutation: You have hoof-like feet. [demonic
                  | ancestry]
  6466 | D:5      | Reached XP level 9. HP: 64/64 MP: 18/20
  6578 | D:5      | You pick up a book of Dreams and begin reading...
  6578 | D:5      | You add the spells Ensorcelled Hibernation, Spider Form and
                  | Anguish to your library.
  6691 | D:5      | XOM: chaos upgrade
  6992 | D:6      | XOM: summons friendly shadow imp
  6992 | D:6      | Noticed Pikel
  7010 | D:5      | XOM: summons friendly iron imp
  7011 | D:5      | Killed Pikel
  7012 | D:5      | Reached skill level 8 in Spellcasting
  7012 | D:5      | Reached skill level 8 in Earth Magic
  7229 | D:6      | XOM: smoke on damage
  7295 | D:6      | XOM: 1-stop teleportation journey
  7303 | D:6      | Found a burning altar of Makhleb.
  7307 | D:6      | Found a shimmering altar of Xom.
  7398 | D:6      | XOM: silly message
  7671 | D:6      | XOM: silly message
  7777 | D:6      | XOM: give mutations
  7777 | D:6      | Gained mutation: You have a pair of small antennae on your
                  | head. [Xom's grace]
  7777 | D:6      | Gained mutation: You are agile. (Dex +4, Str/Int -1) [Xom's
                  | grace]
  7777 | D:6      | Lost mutation: You are weak. (Str -2) [Xom's grace]
  7777 | D:6      | Gained mutation: Your flesh is cold resistant. (rC+) [Xom's
                  | grace]
  7807 | D:7      | XOM: 2-stop teleportation journey
  7853 | D:7      | You pick up a book of Debilitation and begin reading...
  7853 | D:7      | You add the spells Slow, Vampiric Draining and Confusing
                  | Touch to your library.
  7980 | D:7      | Reached skill level 9 in Spellcasting
  7980 | D:7      | Reached skill level 9 in Earth Magic
  8104 | D:7      | Noticed a cyclops
  8105 | D:7      | XOM: noise
  8113 | D:7      | HP: 8/62 [cyclops/large rock (42)]
  8118 | D:7      | XOM: divination: magic mapping
  8384 | D:7      | XOM: divination: detect creatures
  8395 | D:7      | XOM: cast spell 'Cause Fear'
  8404 | D:7      | Killed a cyclops
  8405 | D:7      | Gained mutation: You have hooves in place of feet. [demonic
                  | ancestry]
  8405 | D:7      | Reached XP level 10. HP: 41/70 MP: 0/23
  8721 | D:7      | Found a broken altar of Ashenzari.
  8907 | D:8      | Found a bloodstained altar of Trog.
  8919 | D:8      | Learned a level 4 spell: Animate Dead
  8946 | D:8      | Found an opulent altar of Gozag.
  9079 | D:8      | XOM: divination: detect creatures
  9115 | D:8      | Found an ornate altar of the Wu Jian Council.
  9116 | D:8      | Found a hide-covered altar of Uskayaw.
  9210 | D:8      | Found a corrupted altar of Lugonu.
  9218 | D:8      | Found a one-way gate to the infinite horrors of the Abyss.
  9245 | D:8      | HP: 12/68 [lurking horror (10)]
  9459 | D:8      | Noticed Maggie
  9467 | D:8      | Killed Maggie
  9468 | D:8      | Reached skill level 10 in Spellcasting
  9629 | D:8      | XOM: god gift: club {god gift}
  9731 | D:8      | Reached skill level 1 in Necromancy
  9735 | D:8      | Reached skill level 3 in Necromancy
  9743 | D:8      | Reached skill level 4 in Necromancy
  9748 | D:8      | HP: 12/70 [yak (8)]
 10272 | D:9      | Reached skill level 5 in Necromancy
 10275 | D:9      | XOM: confuse monster(s)
 10291 | D:9      | Reached skill level 6 in Necromancy
 10296 | D:9      | XOM: summons 3 friendly demons
 10585 | D:9      | Reached skill level 7 in Necromancy
 11088 | D:9      | Reached skill level 8 in Necromancy
 11088 | D:9      | XOM: summons friendly shadow imp
 11090 | D:9      | XOM: confusion (+ monsters)
 11092 | D:9      | Reached XP level 11. HP: 59/75 MP: 5/25
 11095 | D:9      | XOM: swap monsters
 11095 | D:9      | HP: 13/75 [vampire (10)]
 11096 | D:9      | HP: 6/75 [yak (7)]
 11310 | D:9      | XOM: summons 1 hostile shadow creature
 11413 | D:9      | You pick up a book of Spatial Translocations and begin
                  | reading...
 11542 | D:9      | XOM: give mutations
 11542 | D:9      | Gained mutation: You occasionally lose the ability to read
                  | scrolls when taking damage. [Xom's mischief]
 11542 | D:9      | Lost mutation: You are resistant to electric shocks.
                  | (rElec) [Xom's mischief]
 11542 | D:9      | Gained mutation: You are weak. (Str -2) [Xom's mischief]
 11542 | D:9      | Gained mutation: You are dopey. (Int -2) [Xom's mischief]
 11756 | D:10     | Entered Level 10 of the Dungeon
 11854 | D:10     | Reached skill level 1 in Dodging
 11949 | D:10     | Found an ancient bone altar of Kikubaaqudgha.
 12060 | D:10     | XOM: summons 2 hostile shadow creatures
 12071 | D:10     | HP: 19/76 [asphyx]
 12073 | D:10     | HP: 8/76 [poisoned by a kobold brigand (curare-tipped
                  | dart)]
 12073 | D:10     | XOM: give mutations
 12073 | D:10     | Lost mutation: Your flesh is cold resistant. (rC+) [Xom's
                  | mischief]
 12073 | D:10     | Lost mutation: You occasionally lose the ability to read
                  | scrolls when taking damage. [Xom's mischief]
 12073 | D:10     | Gained mutation: You occasionally shout uncontrollably at
                  | your foes. [Xom's mischief]
 12289 | D:9      | Reached skill level 4 in Fighting
 12289 | D:9      | Reached skill level 2 in Dodging
 12473 | D:10     | XOM: summons 2 hostile shadow creatures
 12677 | D:10     | XOM: summons 6 hostile demons
 12678 | D:10     | Noticed a sun demon
 12684 | D:10     | Noticed a shock serpent
 12930 | D:10     | Noticed a shining eye
 12930 | D:10     | Lost mutation: You are agile. (Dex +4, Str/Int -1) [a
                  | shining eye]
 13201 | D:10     | Found a sparkling altar of Nemelex Xobeh.
 13353 | D:11     | XOM: cast spell 'Summon Cactus Giant'
 13503 | D:11     | Reached skill level 3 in Dodging
 13505 | D:11     | Reached skill level 5 in Fighting
 13547 | D:11     | XOM: cloud trail
 13835 | D:11     | Reached skill level 4 in Dodging
 13842 | D:11     | Noticed a two-headed ogre
 13852 | D:11     | Killed a two-headed ogre
 13853 | D:11     | Reached skill level 6 in Fighting
 14166 | D:11     | Noticed a boulder beetle
 14169 | D:11     | Found a staircase to the Lair.
 14177 | D:11     | XOM: butterfly on damage
 14182 | D:11     | Killed a boulder beetle
 14183 | D:11     | Reached skill level 5 in Dodging
 14293 | D:11     | XOM: divination: detect items
 14377 | D:11     | XOM: silly message
 14408 | D:11     | Lost mutation: You occasionally shout uncontrollably at
                  | your foes. [potion of mutation]
 14408 | D:11     | Lost mutation: You are weak. (Str -2) [potion of mutation]
 14408 | D:11     | Lost mutation: You are dopey. (Int -2) [potion of mutation]
 14408 | D:11     | Gained mutation: You are clumsy. (Dex -2) [potion of
                  | mutation]
 14408 | D:11     | Gained mutation: You are strong-willed. (Will+) [potion of
                  | mutation]
 14464 | Lair:1   | Entered Level 1 of the Lair of Beasts
 14464 | Lair:1   | You fall into a shaft and drop 1 floor!
 14464 | Lair:2   | Noticed an eight-headed hydra
 14470 | Lair:2   | XOM: blink monster(s)
 14472 | Lair:2   | XOM: enchant monster (bad)
 14480 | Lair:1   | Reached skill level 7 in Fighting
 14487 | Lair:1   | XOM: noise
 14490 | Lair:1   | XOM: fog
 14497 | Lair:1   | Reached skill level 6 in Dodging
 14503 | Lair:1   | Gained mutation: Spells you cast may paralyse nearby
                  | enemies. [demonic ancestry]
 14503 | Lair:1   | Reached XP level 12. HP: 38/92 MP: 26/26
 14503 | Lair:1   | HP: 11/92 [blink frog (13)]
 14505 | Lair:1   | HP: 3/92 [yak (8)]
 14509 | Lair:1   | XOM: polymorph yak -> komodo dragon
 14606 | Lair:1   | Reached skill level 8 in Fighting
 14617 | Lair:1   | XOM: silly message
 14755 | Lair:1   | XOM: 1-stop teleportation journey
 14783 | Lair:1   | XOM: summons 8 friendly demons
 14784 | Lair:1   | Reached skill level 7 in Dodging
 14794 | Lair:1   | XOM: god gift: 2 large rocks
 14921 | Lair:1   | Learned a level 6 spell: Statue Form
 14944 | Lair:1   | Found a blossoming altar of Fedhas.
 14967 | Lair:1   | XOM: silly message
 15253 | Lair:1   | Identified the +7 mace of Lezing {freeze, rC+++ rN+ Dex-3}
 15450 | Lair:1   | XOM: cloud trail
 15482 | Lair:2   | XOM: summons friendly quasit
 15489 | Lair:2   | HP: 14/94 [eight-headed hydra (12)]
 15489 | Lair:2   | HP: 4/94 [eight-headed hydra (10)]
 15490 | Lair:2   | Slain by an eight-headed hydra

Vanquished Creatures
  A two-headed ogre (D:5)
  A boulder beetle (D:11)
  Pikel (D:5)
  A cyclops (D:7)
  2 black mambas (Lair:1)
  3 cane toads (Lair:1)
  An unseen horror (D:10)
  Maggie (D:8)
  A komodo dragon (Lair:1)
  A troll (D:9)
  2 meliai (D:11)
  5 blink frogs (Lair:1)
  A dream sheep (shapeshifter) (D:10)
  2 vampires
  31 yaks
  2 vampire mosquitoes (D:11)
  An acid dragon (D:10)
  2 water moccasins
  2 black bears
  An orc warrior (D:9)
  A sky beast (D:6)
  2 ogres (D:5)
  9 centaurs
  A lemure (D:6)
  3 wolves (Lair:1)
  A phantom (D:5)
  3 kobold brigands
  3 bullfrogs
  A necrophage (D:6)
  2 scorpions (D:4)
  8 wights
  9 killer bees
  A howler monkey (D:6)
  2 electric eels (D:7)
  A crimson imp (D:6)
  3 jellies
  3 hounds
  7 orc priests
  A gnoll bouda (D:7)
  6 iguanas
  15 orc wizards
  7 gnolls
  8 river rats (Sewer)
  17 adders
  An ufetubus (D:5)
  An orc zombie (D:9)
  4 worms
  21 orcs
  11 endoplasms
  6 giant cockroaches
  8 goblins
  5 hobgoblins
  5 jackals
  33 kobolds
  A quokka (D:5)
  9 ball pythons
  4 bats
  6 frilled lizards
  39 rats
330 creatures vanquished.

Vanquished Creatures (collateral kills)
  A two-headed ogre (D:11)
  2 cyclopes (D:11)
  2 komodo dragons (Lair:1)
  A meliai (D:11)
  4 blink frogs (Lair:1)
  A meliai zombie (D:11)
  A wraith (D:11)
  6 yaks
  Edmund (D:5)
  2 killer bees (D:10)
  An orc (D:11)
  An endoplasm (D:1)
  A bat (D:1)
24 creatures vanquished.

Vanquished Creatures (others)
  2 meliai zombies (D:11)
  2 cane toad zombies (Lair:1)
  4 yak zombies (Lair:1)
  A bullfrog zombie (Lair:1)
  2 orc zombies (D:9)
  3 lurking horrors (D:8)
14 creatures vanquished.

Grand Total: 368 creatures vanquished

Table legend:
 A = Non-vault XP
 B = Vault XP
 C = Vault XP percentage of total XP
 D = Non-vault monster count
 E = Vault monster count
 F = Vault count percentage of total count
                 A         B        C        D         E       F
            +---------+---------+-------+---------+---------+-------
      Total |   24569 |    3694 |  13.1 |     256 |      95 |  27.1
            +---------+---------+-------+---------+---------+-------
        D:1 |      41 |       8 |  16.3 |      28 |       6 |  17.6
        D:2 |      93 |       0 |   0.0 |      21 |       0 |   0.0
        D:3 |     149 |      59 |  28.4 |      16 |      11 |  40.7
        D:4 |     386 |       0 |   0.0 |      23 |       0 |   0.0
        D:5 |     603 |    2318 |  79.4 |      11 |      16 |  59.3
        D:6 |     674 |      50 |   6.9 |      20 |       1 |   4.8
        D:7 |     773 |     496 |  39.1 |      14 |       1 |   6.7
        D:8 |    2149 |     385 |  15.2 |      21 |       1 |   4.5
        D:9 |    4222 |       0 |   0.0 |      37 |       0 |   0.0
       D:10 |    1413 |       0 |   0.0 |      11 |       0 |   0.0
       D:11 |    4818 |       0 |   0.0 |      17 |       0 |   0.0
     Lair:1 |    9248 |       0 |   0.0 |      37 |       0 |   0.0
      Sewer |       0 |     378 | 100.0 |       0 |      59 | 100.0
            +---------+---------+-------+---------+---------+-------

Illustrated notes

Table legend:
 A = Kills in this place as a percentage of kills in entire the game.
 B = Kills by you in this place as a percentage of kills by you in the entire game.
 C = Kills by friends in this place as a percentage of kills by friends in the entire game.
 D = Other kills in this place as a percentage of other kills in the entire game.
 E = Experience gained in this place as a percentage of experience gained in the entire game.
 F = Experience gained in this place divided by the number of levels of this place that you have seen.
                   A       B       C       D       E      F
               +-------+-------+-------+-------+-------+----------------------
         Total | 100.0 | 100.0 | 100.0 | 100.0 | 100.0 | 2018.8
       Dungeon |  72.6 |  74.8 |  52.2 |  42.9 |  65.9 | 1694.3
          Lair |  10.5 |   8.1 |  47.8 |   0.0 |  32.7 | 4624.0
         Sewer |  16.8 |  17.1 |   0.0 |  57.1 |   1.3 | 378.0
               +-------+-------+-------+-------+-------+----------------------

Table legend: (Time is in decaauts)
 A = Elapsed time spent in this place.
 B = Non-inter-level travel time spent in this place.
 C = Inter-level travel time spent in this place.
 D = Time resting spent in this place.
 E = Time spent auto-exploring this place.
 F = Levels seen in this place.
 G = Mean time per level.
                   A        B        C        D        E       F      G
               +--------+--------+--------+--------+--------+-----+--------+
         Total |  15654 |  15061 |    593 |   2889 |   9153 |  14 | 1118.1 |
       Dungeon |  13840 |  13266 |    574 |   2549 |   8275 |  11 | 1258.2 |
          Lair |   1040 |   1022 |     18 |    307 |    525 |   2 |  520.0 |
         Sewer |    774 |    774 |      0 |     33 |    353 |   1 |  774.0 |
               +--------+--------+--------+--------+--------+-----+--------+

Top non-repeatable levels by time:
     D:9: 1843 daAuts
     D:8: 1514 daAuts
     D:3: 1358 daAuts
     D:5: 1329 daAuts
     D:1: 1192 daAuts
    D:10: 1175 daAuts
     D:4: 1172 daAuts
     D:2: 1157 daAuts
    D:11: 1100 daAuts
     D:6: 1039 daAuts
  Lair:1: 1021 daAuts
     D:7: 957 daAuts
   Sewer: 774 daAuts
  Lair:2: 18 daAuts
